 Dungeon Crawl Stone Soup version 0.27.1-3-gb3d3a73c9e (console) character file.

Game seed: 14730864006592058973

3557 om the Slicer (level 10, -7/59 HPs)
             Began as a Kobold Enchanter on Oct 18, 2021.
             Mangled by a boulder beetle (11 damage)
             ... on level 7 of the Dungeon.
             The game lasted 00:25:32 (9456 turns).

om the Slicer (Kobold Enchanter)                    Turns: 9456, Time: 00:25:33

Health: -7/59      AC:  4    Str:  9    XL:     10   Next: 30%
Magic:  14/14      EV: 15    Int: 16    God:
Gold:   373        SH:  6    Dex: 16    Spells: 6/15 levels left

rFire    . . .     SeeInvis .   t - +2 short sword (drain)
rCold    . . .     Faith    .   i - +0 buckler
rNeg     . . .     Spirit   .   b - +1 robe
rPois    +         Reflect  .   (no helmet)
rElec    .         Harm     .   (no cloak)
rCorr    .         Rampage  .   (no gloves)
Will     .....                  k - +0 pair of boots
Stlth    ++++......             (no amulet)
HPRegen  0.19/turn              e - ring of poison resistance
MPRegen  0.14/turn              (no ring)

@: attractive
A: small, no large weapons, nightstalker 3
a: no special abilities


You were on level 7 of the Dungeon.
You visited 2 branches of the dungeon, and saw 8 of its levels.

You collected 373 gold pieces.

Inventory:

Hand Weapons
 a - a +1 dagger
 f - a +2 dagger of speed
 q - a +2 short sword of holy wrath
 t - a +2 short sword of draining (weapon)
Missiles
 c - 2 boomerangs
Armour
 b - a +1 robe (worn)
 i - a +0 buckler (worn)
 k - a +0 pair of boots (worn)
Jewellery
 e - a ring of poison resistance (left hand)
Wands
 x - a wand of iceblast (10)
Scrolls
 d - a scroll of enchant armour
 m - 2 scrolls of enchant weapon
 n - 4 scrolls of teleportation
 o - 2 scrolls of fear
 r - a scroll of noise {unknown}
 u - 2 scrolls of identify
Potions
 j - a potion of invisibility {unknown}
 l - a potion of curing {unknown}
 p - a potion of attraction
 s - a potion of cancellation {unknown}
 v - a potion of might {unknown}
 w - a potion of flight {unknown}


   Skills:
 + Level 5.4 Fighting
 - Level 14.0 Short Blades
 + Level 3.7 Dodging
 - Level 5.0 Stealth
 - Level 4.0 Shields
 - Level 3.0 Spellcasting
 - Level 4.0 Hexes


You had 6 spell levels left.
You knew the following spells:

 Your Spells              Type           Power      Damage    Failure   Level
a - Corona                Hex            16%        N/A       4%          1
b - Ensorcelled Hibernat  Hex/Ice        16%        N/A       14%         2
c - Confusing Touch       Hex            15%        N/A       12%         3
d - Tukima's Dance        Hex            15%        N/A       12%         3

Your spell library contained the following spells:

 Spells                   Type           Power      Damage    Failure   Level
 Dazzling Flash           Conj/Hex       16%        N/A       28%         3
 Malign Gateway           Summ/Tloc      1%         N/A       100%        7
 Summon Horrible Things   Summ           1%         N/A       100%        8


Dungeon Overview and Level Annotations

Branches:
Dungeon (7/15)             Temple (1/1) D:4

Altars:
Ashenzari
Cheibriados
Fedhas
Gozag
Hepliaklqana
Kikubaaqudgha
Nemelex Xobeh
Okawaru
Ru
Sif Muna
Trog
Vehumet
Wu Jian
Xom
Yredelemnul
Zin
The Shining One


Innate Abilities, Weirdness & Mutations

You are small and have problems with some larger weapons.
You are completely attuned to the shadows.


Message History

The boulder beetle is severely wounded.
The boulder beetle bites you.
You hit the boulder beetle but do no damage.
The boulder beetle is severely wounded.
The boulder beetle bites you!
* * * LOW HITPOINT WARNING * * *
You hit the boulder beetle but do no damage.
You drain the boulder beetle.
The boulder beetle is severely wounded.
It was a potion of attraction.
You feel attractive to monsters.
The boulder beetle leaps!
The boulder beetle is pulled toward you!
Okay, then.
As you read the scroll of fear, it crumbles to dust.
You assume a fearsome visage.
The boulder beetle looks frightened!
The boulder beetle leaps!
The boulder beetle is pulled toward you!
You hit the boulder beetle but do no damage.
You drain the boulder beetle.
Your attack snaps the boulder beetle out of its fear.
The boulder beetle is severely wounded.
The boulder beetle leaps!
The boulder beetle leaps!
You see here a +0 scale mail.
You start resting.
The boulder beetle is pulled toward you!
A boulder beetle is nearby!
A boulder beetle is nearby!
You are too injured to fight recklessly!
You are too injured to fight recklessly!
You are too injured to fight recklessly!
You hit the boulder beetle but do no damage.
You drain the boulder beetle.
The boulder beetle is severely wounded.
You are too injured to fight recklessly!
You hit the boulder beetle but do no damage.
You drain the boulder beetle.
The boulder beetle is severely wounded.
The boulder beetle bites you!
You die...

.......#.......#...#..).##..#
####.#.#####.#.###.#.##.#####
.....#.......#.....#..#.#
#'####.###########.##.#.#
#.(#.......#.#.○.#.#..#.#
#(.#.#####.#.#.#.#.####.#
#[.#.....#.#.#.#.#.#....#
######.#.###.#)#.#.#.####
#.((.#.#.....#)#.#.#....#
####.#.#.###.#.#B#.####.#
)....#.#...#...#@#......#
###### ##################


You could see a boulder beetle (drained).

Vanquished Creatures
  A skeletal warrior (D:7)
  A vampire (D:7)
  Eustachio (D:5)
  Edmund (D:5)
  Duvessa (D:5)
  A sky beast (D:6)
  A black bear (D:6)
  2 ice beasts
  3 necrophages
  2 ogres
  3 centaurs
  A phantom (D:6)
  A bullfrog (D:7)
  5 scorpions
  Dowan (D:5)
  2 howler monkeys
  2 bullfrog zombies
  A centaur zombie (D:4)
  3 jellies
  2 orc priests
  3 bullfrog skeletons
  4 hounds
  Jessica (D:3)
  An iguana (D:4)
  3 scorpion zombies (D:4)
  3 orc wizards
  A killer bee zombie (D:5)
  A hound zombie (D:4)
  2 hound skeletons (D:4)
  A howler monkey zombie (D:7)
  7 adders
  A howler monkey skeleton (D:5)
  A shadow imp (D:6)
  An ufetubus (D:5)
  4 adder zombies (D:4)
  2 adder skeletons (D:4)
  2 worms
  A dart slug (D:1)
  17 orcs
  6 ball pythons
  6 endoplasms
  3 giant cockroaches
  6 goblins
  7 hobgoblins
  8 kobolds
  4 quokkas
  6 bats
  3 frilled lizards
  5 rats
145 creatures vanquished.

Vanquished Creatures (others)
  13 plants (D:4)
  A withered plant (D:4)
14 creatures vanquished.

Grand Total: 159 creatures vanquished

Notes
Turn   | Place    | Note
-------+----------+-------------------------------------------
     0 | D:1      | om the Kobold Enchanter began the quest for the Orb.
     0 | D:1      | Reached XP level 1. HP: 10/10 MP: 3/3
   154 | D:1      | Reached XP level 2. HP: 6/15 MP: 5/5
   156 | D:1      | Reached skill level 2 in Short Blades
   381 | D:1      | Learned a level 2 spell: Ensorcelled Hibernation
   827 | D:1      | Reached XP level 3. HP: 12/19 MP: 6/6
  1126 | D:1      | Found a faded altar of an unknown god.
  1674 | D:2      | Reached XP level 4. HP: 24/24 MP: 7/7
  1757 | D:1      | Reached skill level 3 in Short Blades
  3131 | D:3      | Noticed Jessica
  3134 | D:3      | Killed Jessica
  3135 | D:3      | Reached XP level 5. HP: 28/28 MP: 6/9
  3568 | D:3      | Reached skill level 5 in Stealth
  3568 | D:3      | Reached skill level 1 in Shields
  3840 | D:4      | Reached XP level 6. HP: 30/32 MP: 10/10
  4036 | D:4      | Found a hazy altar of Hepliaklqana.
  4505 | D:4      | Reached XP level 7. HP: 26/36 MP: 11/11
  4693 | D:4      | Reached skill level 1 in Fighting
  4697 | D:4      | Learned a level 3 spell: Confusing Touch
  5281 | D:4      | Found a radiant altar of Vehumet.
  5323 | D:4      | Found a staircase to the Ecumenical Temple.
  5329 | Temple   | Entered the Ecumenical Temple
  5654 | D:5      | Entered Level 5 of the Dungeon
  5677 | D:5      | Reached skill level 4 in Short Blades
  5677 | D:5      | Reached XP level 8. HP: 48/48 MP: 12/12
  5698 | D:5      | Noticed Eustachio
  5714 | D:5      | Killed Eustachio
  5715 | D:5      | Reached skill level 5 in Short Blades
  5736 | D:5      | Reached skill level 6 in Short Blades
  6000 | D:5      | Noticed Dowan
  6245 | D:5      | Killed Dowan
  6246 | D:5      | Reached skill level 7 in Short Blades
  6372 | D:5      | Noticed Duvessa
  6404 | D:5      | Killed Duvessa
  6405 | D:5      | Reached skill level 8 in Short Blades
  6863 | D:5      | Found a sparkling altar of Nemelex Xobeh.
  6863 | D:5      | Found an opulent altar of Gozag.
  6867 | D:5      | Reached skill level 9 in Short Blades
  6957 | D:5      | Noticed Edmund
  6980 | D:5      | Killed Edmund
  6981 | D:5      | Reached XP level 9. HP: 24/52 MP: 2/13
  7303 | D:6      | Reached skill level 10 in Short Blades
  7461 | D:6      | Reached skill level 5 in Fighting
  7587 | D:6      | Reached skill level 11 in Short Blades
  7937 | D:6      | Reached skill level 12 in Short Blades
  7990 | D:6      | Found a shimmering altar of Xom.
  8597 | D:7      | Reached skill level 13 in Short Blades
  8597 | D:7      | Reached XP level 10. HP: 53/59 MP: 10/14
  8603 | D:7      | Learned a level 3 spell: Tukima's Dance
  8672 | D:7      | Noticed a skeletal warrior
  8699 | D:7      | Killed a skeletal warrior
  8700 | D:7      | Reached skill level 14 in Short Blades
  9414 | D:7      | Noticed a boulder beetle
  9442 | D:7      | HP: 2/59 [boulder beetle (17)]
  9456 | D:7      | Mangled by a boulder beetle

Illustrated notes

Levels and vault maps discovered:
D:1:      tarquinn_simple_flora_water_c, layout_loops_ring,
          shapermc_ecumenical_altar_ellora, st_stairs_8, moated_statue,
          chequers_serial_rivers_micro_d
D:2:      layout_basic
D:3:      layout_loops_ring, uniq_jessica
D:4:      layout_loops_ring, mainiacjoe_overflow_concentric_impassable,
          nicolae_hepliaklqana_hazy_memory, minmay_temple_entry_enclosed_plants,
          serial_undead, serial_undead_c, serial_undead_b, serial_undead_a,
          serial_undead_f, serial_undead_d, serial_undead_e
D:5:      layout_cave_pools, grunt_temple_overflow_opulence, minmay_holes,
          uniq_eustachio, uniq_duvessa, uniq_edmund
D:6:      layout_cave_pools, mainiacjoe_overflow_alcove_4, nrook_uturn
D:7:      layout_loops_ring, makhleb_heckhound_becter, wad_mini_maze
Temple:   nicolae_temple_hex_pool

Skill      XL: |  1  2  3  4  5  6  7  8  9 10 |
---------------+-------------------------------+-----
Short Blades   | 2 3 4 9 13 14 | 14.0
Dodging        | 3 |  3.7
Spellcasting   | 3 |  3.0
Stealth        | 5 |  5.0
Shields        | 2 3 4 |  4.0
Hexes          | 4 |  4.0
Fighting       | 4 5 |  5.4

Action                   |  1- 3 |  4- 6 |  7- 9 | 10-12 || total
-------------------------+-------+-------+-------+-------++-------
Melee: Dagger            |    61 |   153 |    38 |       ||   252
       Short sword       |       |       |   267 |    54 ||   321
 Cast: Ensorcelled Hiber |     8 |    20 |    38 |     1 ||    67
       Confusing Touch   |       |       |     9 |     3 ||    12
       Tukima's Dance    |       |       |       |     1 ||     1
  Use: Scroll            |       |    10 |     1 |     1 ||    12
       Potion            |       |       |     1 |     4 ||     5
 Stab: Sleeping          |    20 |    29 |    36 |     3 ||    88
       Distracted        |       |       |     2 |       ||     2
       Confused          |       |       |     8 |     2 ||    10
Armor: Robe              |     3 |    21 |    46 |     2 ||    72
Dodge: Dodged            |    34 |    86 |   181 |    10 ||   311
Block: Buckler           |       |    21 |    65 |     5 ||    91
